[Event "Team 45 45 League T53"]
[Site "Internet Chess Club"]
[Date "2012.06.07"]
[Round "4"]
[White "ilovechess"]
[Black "milesotoole"]
[Result "1/2-1/2"]
[WhiteElo "1541"]
[BlackElo "1570"]
[Opening "Sicilian: dragon, classical attack"]
[ECO "B72"]
[Time "21:31:04"]
[TimeControl "2700+45"]

1. e4 c5 2. Nf3 d6 3. d4 cxd4 4. Nxd4 Nf6 5. Nc3 g6 6. Be2 Bg7 7. Be3 Nc6 8. f3
O-O 9. O-O d5 10. Bb5 Ne5 11. Nde2 Nc4 12. Bxc4 dxc4 13. Qc1 Re8 14. Bh6 Bh8 15.
Ng3 Qb6+ 16. Kh1 Be6 17. Qf4 Qxb2 18. Nd5 Nxd5 19. exd5 Bxd5 20. Rfe1 Qf6 21.
Qd2 Rad8 22. Rad1 Rd7 23. f4 Red8 24. Bg5 Qb6 25. Qe2 f6 26. Bh6 Qc6 27. Rb1 a6
28. c3 b5 29. h3 Bf7 30. Qg4 Bd5 31. Re2 f5 32. Nxf5 Kf7 33. Nd4 Bxd4 34. cxd4
c3 35. Qg3 Bxa2 36. Rxa2 c2 37. Rc1 Rxd4 38. Raxc2 Rd1+ 39. Kh2 Qb6 40. Rxd1
Rxd1 41. Qf2 Qd6 42. Qc5 Qd3 43. f5 b4 44. fxg6+ hxg6 45. Rf2+ Kg8 46. Qxe7 Qd6+
47. Qxd6 Rxd6 48. Bc1 a5 49. Ra2 Rd5 50. Rc2 Kf7 51. Rc7+ Kf6 52. Bb2+ Kf5 53.
Ra7 Ke4 54. Ra6 Kf5 55. g4+ Kf4 56. Bc1+ Kf3 57. Rxg6 a4 58. Ra6 b3 59. Rxa4 b2
60. Ra3+ Ke4 61. Bxb2 Rd2+ 62. Kg3 Rxb2 63. Kh4 Rb5 64. Ra1 Ke5 65. Rg1 Kf6 66.
g5+ Kg6 67. Rg4 Rc5 68. Rf4 Rxg5 69. Rg4 Rxg4+ 70. hxg4 Kh6 71. Kg3 Kg5 72. Kf3
Kg6 73. Kf4 Kf6 74. Ke3 Kg5 75. Kf3 Kg6 76. Kf4 Kf6 77. g5+ Kg6 78. Kg4 Kg7 79.
Kf5 Kf7 80. Ke5 Kg6 81. Kf4 Kg7 82. Kf5 Kf7 83. g6+ Kg7 84. Kg5 Kg8 85. Kf6 Kf8
86. Ke6 Kg7 87. Kf5 Kg8 88. Kg5 Kg7 89. Kh5 Kg8 90. Kh6 Kh8 91. g7+ Kg8 92. Kg5
Kxg7 {Game drawn because neither player has mating material} 1/2-1/2

[Event "Team 45 45 League T53"]
[Site "Internet Chess Club"]
[Date "2012.06.08"]
[Round "4"]
[White "burnsy"]
[Black "hi12980"]
[Result "1/2-1/2"]
[WhiteElo "1479"]
[BlackElo "1573"]
[Opening "Sicilian: Canal-Sokolsky attack, 3...Bd7"]
[ECO "B52"]
[Time "21:00:36"]
[TimeControl "2700+45"]

1. e4 c5 2. Nf3 d6 3. Bb5+ Bd7 4. Bxd7+ Qxd7 5. O-O Nc6 6. d3 e5 7. Nc3 Nf6 8.
Bg5 Be7 9. a3 h6 10. Bd2 O-O 11. Ne2 Nd4 12. Nfxd4 cxd4 13. Ng3 Rfe8 14. f4 Bd8
15. Nf5 Kh7 16. fxe5 dxe5 17. Qf3 Rg8 18. Qh3 Re8 19. Bxh6 g6 20. Bg7+ Nh5 21.
g4 gxf5 22. Qxh5+ Kxg7 23. Rxf5 Rh8 24. Rg5+ Bxg5 25. Qxg5+ Kf8 26. Rf1 Rg8 27.
Qh6+ Ke8 28. h3 Qe6 29. Qh7 Qg6 30. Qh4 Qg5 31. Qh7 Qg6 32. Qh4 Kd7 33. Rf6 Rh8
34. Qf2 Qg5 35. Rxf7+ Ke6 36. Kg2 Rag8 37. Rf5 Qg6 38. Qg3 Qg7 39. g5 Rh5 40.
Qg4 Rhh8 41. Rf6+ Ke7 42. Qe6+ Kd8 43. Qd6+ Qd7 44. Qb8+ Qc8 45. Qd6+ Qd7 46.
Qb8+ Qc8 47. Qd6+ Qd7 {Game drawn by repetition} 1/2-1/2

[Event "Team 45 45 League T53"]
[Site "Internet Chess Club"]
[Date "2012.06.10"]
[Round "4"]
[White "browndeer"]
[Black "Iowa-Archer"]
[Result "0-1"]
[WhiteElo "1486"]
[BlackElo "1388"]
[Opening "Sicilian: Scheveningen, 6.Be2"]
[ECO "B83"]
[Time "16:00:59"]
[TimeControl "2700+45"]

1. e4 c5 2. Nf3 d6 3. d4 cxd4 4. Nxd4 Nf6 5. Nc3 e6 6. Be2 Be7 7. Be3 Nbd7 8.
O-O a6 9. f3 O-O 10. Qe1 Nc5 11. Rd1 e5 12. Nb3 Nxb3 13. cxb3 b5 14. Nd5 Nxd5
15. Rxd5 Bb7 16. Rd1 d5 17. exd5 Bxd5 18. Bd3 f5 19. Qe2 Rc8 20. Rd2 Bc5 21.
Rfd1 Qg5 22. Bxc5 Rxc5 23. Bxb5 axb5 24. Rxd5 Rxd5 25. Rxd5 Rd8 26. Rxe5 Qc1+
27. Qe1 Rd1 28. Re8+ Kf7 29. Re7+ Kg6 30. Re6+ Kg5 31. h4+ Kh5 32. g4+ fxg4 33.
fxg4+ Kxg4 34. Re4+ Kf5 35. Re5+ Kf6 36. Re6+ Kf5 37. Re5+ Kf4 38. Re4+ Kf3 39.
Re3+ Qxe3+ {White resigns} 0-1

[Event "Team 45 45 League T53"]
[Site "Internet Chess Club"]
[Date "2012.06.07"]
[Round "4"]
[White "slowdown"]
[Black "ScotchYeti"]
[Result "0-1"]
[WhiteElo "1600"]
[BlackElo "1670"]
[Opening "Sicilian: Kan, Maróczy bind (Réti variation)"]
[ECO "B41"]
[Time "15:07:37"]
[TimeControl "2700+45"]

1. e4 c5 2. Nf3 e6 3. d4 cxd4 4. Nxd4 a6 5. c4 Qc7 6. Be3 Nf6 7. Nc3 b6 8. f3
Be7 9. Be2 O-O 10. O-O d6 11. Qd2 Nbd7 12. Rfd1 Bb7 13. Rac1 Rac8 14. b3 Qb8 15.
Bf1 Bd8 16. b4 Bc7 17. b5 d5 18. cxd5 Bxh2+ 19. Kh1 Nh5 20. Bf2 exd5 21. bxa6
Bf4 22. Be3 Ng3+ 23. Kg1 Bxe3+ 24. Qxe3 Nxf1 25. Kxf1 Bxa6+ 26. Kf2 dxe4 27.
Nxe4 Nc5 28. Rh1 Rfe8 29. Nf6+ gxf6 30. Qh6 Nd3+ {White resigns} 0-1

[Event "Team 45 45 League T53"]
[Site "Internet Chess Club"]
[Date "2012.06.10"]
[Round "4"]
[White "cBishop"]
[Black "ticopatzer"]
[Result "0-1"]
[WhiteElo "1591"]
[BlackElo "1652"]
[Opening "Ruy Lopez: closed, Flohr-Zaitsev system (Lenzerheide variation)"]
[ECO "C92"]
[Time "10:00:50"]
[TimeControl "2700+45"]

1. e4 e5 2. Nf3 Nc6 3. Bb5 a6 4. Ba4 Nf6 5. O-O b5 6. Bb3 Be7 7. Re1 O-O 8. c3
d6 9. h3 Bb7 10. d4 Re8 11. Nbd2 h6 12. Nf1 Na5 13. Bc2 Nc4 14. Ng3 exd4 15.
cxd4 c5 16. b3 Nb6 17. Qd3 cxd4 18. Nxd4 Rc8 19. Bb2 Bf8 20. Rad1 Nbd7 21. Bb1
Nc5 22. Qf3 d5 23. e5 Nfe4 24. Ngf5 Qc7 25. Qg4 g6 26. f3 Ng5 27. h4 Nge6 28.
Bc1 Nxd4 29. Rxd4 Rxe5 30. Rxe5 Qxe5 31. Nxh6+ Bxh6 32. Bxh6 Qe1+ 33. Kh2 Qxb1
34. Rf4 Ne6 35. Rf6 Qe1 36. f4 Rc1 37. Rxg6+ Kh7 38. Rg7+ Kxh6 39. Rxf7 Qg1+ 40.
Kg3 Rc3+ {White resigns} 0-1

[Event "Team 45 45 League T53"]
[Site "Internet Chess Club"]
[Date "2012.06.09"]
[Round "4"]
[White "MinnArkie"]
[Black "cepheid"]
[Result "0-1"]
[WhiteElo "1573"]
[BlackElo "1643"]
[Opening "English: symmetrical, Botvinnik system reversed"]
[ECO "A37"]
[Time "08:30:41"]
[TimeControl "2700+45"]

1. c4 c5 2. Nc3 g6 3. Nf3 Bg7 4. g3 Nc6 5. Bg2 e5 6. e3 Nge7 7. O-O O-O 8. Nd5
d6 9. d3 Rb8 10. Bd2 b5 11. e4 Nxd5 12. cxd5 Nd4 13. b4 Nxf3+ 14. Bxf3 cxb4 15.
Bxb4 a5 16. Bd2 Bd7 17. Qe2 Qb6 18. Rfc1 Rfc8 19. Qe1 b4 20. Rab1 Rxc1 21. Rxc1
Rc8 22. Rxc8+ Bxc8 23. Bd1 Qd4 24. Qe3 Qa1 25. Qe1 Qxa2 26. Be2 b3 27. Qc1 Ba6
28. Bc3 Qxe2 {White resigns} 0-1

[Event "Team 45 45 League T53"]
[Site "Internet Chess Club"]
[Date "2012.06.12"]
[Round "4"]
[White "Hal2001"]
[Black "realchess"]
[Result "1-0"]
[WhiteElo "1616"]
[BlackElo "1626"]
[Opening "Scotch gambit: Dubois-Réti defense"]
[ECO "C55"]
[Time "20:27:13"]
[TimeControl "2700+45"]

1. e4 e5 2. Nf3 Nc6 3. d4 exd4 4. Bc4 Nf6 5. e5 d5 6. Bb5 Bd7 7. Bxc6 Bxc6 8.
exf6 Qxf6 9. Qxd4 Qe6+ 10. Qe5 Qxe5+ 11. Nxe5 Bb5 12. Nd3 Bd6 13. O-O O-O 14.
Nc3 Bc6 15. Bf4 Bxf4 16. Nxf4 d4 17. Nce2 Rad8 18. Rfd1 Ba4 19. Nxd4 Rfe8 20.
Nb3 Bc6 21. Rxd8 Rxd8 22. Re1 Be4 23. Nd3 Bf5 24. h3 h6 25. Nbc5 b6 26. Ne4 c5
27. g4 Bg6 28. Nf4 Re8 29. Nf6+ gxf6 30. Rxe8+ Kg7 31. Nxg6 fxg6 32. Re7+ Kg8
33. Rxa7 Kf8 34. Kg2 Ke8 35. Kf3 Kd8 36. Ke4 Kc8 37. Kd5 Kb8 38. Rh7 Kc8 39. Kd6
Kd8 40. Rh8# {Black checkmated} 1-0

[Event "Team 45 45 League T53"]
[Site "Internet Chess Club"]
[Date "2012.06.12"]
[Round "4"]
[White "Zugzwanged"]
[Black "crazyhorses"]
[Result "1-0"]
[WhiteElo "1646"]
[BlackElo "1449"]
[Opening "Scotch: Schmidt variation"]
[ECO "C45"]
[Time "12:00:22"]
[TimeControl "2700+45"]

1. e4 e5 2. Nf3 Nc6 3. d4 exd4 4. Nxd4 Nf6 5. Nc3 Bb4 6. Nxc6 bxc6 7. Bd3 d5 8.
exd5 cxd5 9. O-O O-O 10. Bg5 c6 11. Qf3 Be7 12. h3 h6 13. Bh4 Nh7 14. Bxe7 Qxe7
15. Rfe1 Qd6 16. Ne2 Rb8 17. b3 Re8 18. a4 Bd7 19. Rad1 Ng5 20. Qg3 Qe6 21. Nd4
Qxe1+ 22. Rxe1 Rxe1+ 23. Kh2 Rbe8 24. Qc7 R1e7 25. Nxc6 Bxc6 26. Qxc6 d4 27. f3
Ne6 28. Bb5 Rd8 29. Bc4 Nf4 30. Qa6 Nd5 31. Qa5 Nb6 32. Bd3 g6 33. b4 Rd5 34. b5
Rc7 35. Qb4 Nd7 36. a5 Rcc5 37. Bc4 Rf5 38. Bd3 Rfd5 39. Bc4 Rd6 40. Qb3 Ne5 41.
b6 axb6 42. axb6 Nxc4 43. b7 Rb6 44. Qxb6 Nxb6 45. b8=Q+ Rc8 46. Qxb6 Rxc2 47.
Qxd4 Ra2 48. Qd8+ Kg7 49. Qd4+ Kh7 50. Kg3 Ra8 51. h4 {Black resigns} 1-0

[Event "Team 45 45 League T53"]
[Site "Internet Chess Club"]
[Date "2012.06.10"]
[Round "4"]
[White "Rhel"]
[Black "Timotheous"]
[Result "0-1"]
[WhiteElo "1633"]
[BlackElo "1757"]
[Opening "Benkö gambit half accepted"]
[ECO "A57"]
[Time "07:01:05"]
[TimeControl "2700+45"]

1. d4 Nf6 2. c4 c5 3. d5 b5 4. cxb5 a6 5. b6 d6 6. Nc3 Nbd7 7. a4 a5 8. e4 g6 9.
Nf3 Bg7 10. Bb5 Ba6 11. Bxa6 Rxa6 12. O-O Rxb6 13. Re1 Ng4 14. Ng5 Ngf6 15. f4
Qb8 16. Nb5 O-O 17. Qc2 Ne8 18. Bd2 Ra6 19. Bc3 h6 20. Nf3 Bxc3 21. bxc3 Ng7 22.
c4 Kh7 23. e5 f5 24. exf6 exf6 25. Re7 Qd8 26. Rd1 Qxe7 {White resigns} 0-1

[Event "Team 45 45 League T53"]
[Site "Internet Chess Club"]
[Date "2012.06.08"]
[Round "4"]
[White "supermessi"]
[Black "Whalen"]
[Result "1-0"]
[WhiteElo "1581"]
[BlackElo "1624"]
[Opening "Queen's pawn: Yusupov-Rubinstein system"]
[ECO "A46"]
[Time "13:00:31"]
[TimeControl "2700+45"]

1. d4 Nf6 2. Nf3 e6 3. e3 b6 4. Bd3 Bb7 5. O-O Be7 6. b3 O-O 7. Bb2 c5 8. Nbd2
Nc6 9. Rc1 Nb4 10. a3 Nxd3 11. cxd3 Rc8 12. dxc5 Rxc5 13. Qe2 Qc7 14. Rxc5 Qxc5
15. Rc1 Qh5 16. Rc4 Nd5 17. Ne4 b5 18. Ng3 Qh6 19. Rc1 b4 20. axb4 Nxb4 21. Rc7
Bxf3 22. Qxf3 Nxd3 23. Rxd7 Nxb2 24. Rxe7 Qh4 25. Rxa7 f5 26. Qc6 Kh8 27. Qxe6
f4 28. Qe5 Qh6 29. Nf5 Qg6 30. Qxb2 fxe3 31. fxe3 h6 32. Rxg7 Qf6 33. Qxf6 Rxf6
34. e4 Rxf5 35. exf5 Kxg7 36. g4 Kf6 37. h4 {Black resigns} 1-0

[Event "Team 45 45 League T53"]
[Site "Internet Chess Club"]
[Date "2012.06.07"]
[Round "4"]
[White "KnightDwarf"]
[Black "JohLeb"]
[Result "1-0"]
[WhiteElo "1547"]
[BlackElo "1408"]
[Opening "QGD Slav: 4.Nc3"]
[ECO "D15"]
[Time "13:00:14"]
[TimeControl "2700+45"]

1. d4 d5 2. c4 c6 3. Nc3 Nf6 4. Nf3 Bg4 5. Bg5 Nbd7 6. e3 e6 7. h3 Bh5 8. Bd3
Be7 9. O-O O-O 10. cxd5 exd5 11. Rc1 Bxf3 12. Qxf3 Re8 13. Rfe1 h6 14. Bh4 Nh7
15. Bxe7 Rxe7 16. Qf5 Ndf6 17. e4 dxe4 18. Nxe4 Qxd4 19. Nxf6+ Qxf6 20. Qxh7+
{Black resigns} 1-0

[Event "Team 45 45 League T53"]
[Site "Internet Chess Club"]
[Date "2012.06.11"]
[Round "4"]
[White "grabuark"]
[Black "sounix"]
[Result "1-0"]
[WhiteElo "2207"]
[BlackElo "1981"]
[Opening "Sicilian: Najdorf, 6...e6"]
[ECO "B95"]
[Time "23:01:01"]
[TimeControl "2700+45"]

1. e4 c5 2. Nf3 d6 3. d4 cxd4 4. Nxd4 Nf6 5. Nc3 a6 6. Bg5 e6 7. Qf3 Be7 8.
O-O-O Qc7 9. Qg3 Nbd7 10. f4 h6 11. Bh4 Rg8 12. Be2 g5 13. fxg5 Ne5 14. Nf3 Nxf3
15. Qxf3 hxg5 16. Bg3 Bd7 17. Rhf1 O-O-O 18. Kb1 Bc6 19. Qe3 e5 20. Qa7 Qb8 21.
Qe3 Qc7 22. Bc4 Rg7 23. Nd5 Bxd5 24. Bxd5 Nxd5 25. Rxd5 Kb8 26. Bf2 g4 27. Qa7+
Kc8 28. Bb6 Qb8 29. Qxb8+ Kxb8 30. Bxd8 Bxd8 31. Rxd6 Kc8 32. Rd5 f6 33. Kc1 Rh7
34. Rh1 Bb6 35. Kd2 Bf2 36. Ke2 Bg3 37. h3 gxh3 38. Rxh3 Rg7 39. Rd6 Bf4 40. Kf3
Rg6 41. Rh7 Rg3+ 42. Kf2 Rg4 43. Rxf6 Bg5 44. Rf8+ Bd8 {Black resigns} 1-0

[Event "Team 45 45 League T53"]
[Site "Internet Chess Club"]
[Date "2012.06.08"]
[Round "4"]
[White "Sir-Sinister"]
[Black "Zumbi"]
[Result "1/2-1/2"]
[WhiteElo "1958"]
[BlackElo "2129"]
[Opening "Alekhine's defense: Scandinavian variation"]
[ECO "B02"]
[Time "20:23:45"]
[TimeControl "2700+45"]

1. e4 Nf6 2. Nc3 d5 3. e5 d4 4. Nce2 Ng4 5. f4 h5 6. Nf3 c5 7. Ng3 h4 8. Ne4 Qd5
9. Bb5+ Bd7 10. Bxd7+ Nxd7 11. Nfg5 Nh6 {Game drawn by mutual agreement} 1/2-1/2

[Event "Team 45 45 League T53"]
[Site "Internet Chess Club"]
[Date "2012.06.09"]
[Round "4"]
[White "Tobiasdelmonte"]
[Black "WillC"]
[Result "0-1"]
[WhiteElo "1778"]
[BlackElo "1798"]
[Opening "Ruy Lopez: 5.O-O"]
[ECO "C78"]
[Time "01:00:14"]
[TimeControl "2700+45"]

1. e4 e5 2. Nf3 Nc6 3. Bb5 a6 4. Ba4 Nf6 5. O-O b5 6. Bb3 Be7 7. d4 exd4 8. e5
Ne4 9. Bd5 Ng5 10. Nxg5 Bxg5 11. Qh5 g6 12. Qxg5 Qxg5 13. Bxg5 Bb7 14. Bf6 Rg8
15. Nd2 Na5 16. Bxb7 Nxb7 17. f4 d5 18. Nf3 c5 19. Ng5 h6 20. Nh3 Kd7 21. Rad1
Na5 22. c3 Nc6 23. f5 gxf5 24. Nf4 Rg4 25. Nxd5 Rag8 26. Rd2 c4 27. Rxf5 Ke6 28.
h3 Re4 29. Rh5 Kxd5 30. cxd4 Rg6 31. Bh8 Re6 32. Rf5 Rxd4 33. Rxd4+ Kxd4 34.
Rxf7 Kd3 35. Rf6 Nd4 36. Rf2 b4 37. Kf1 c3 38. bxc3 bxc3 39. Ke1 c2 40. Rd2+ Ke3
41. Rxd4 {White resigns} 0-1

[Event "Team 45 45 League T53"]
[Site "Internet Chess Club"]
[Date "2012.06.10"]
[Round "4"]
[White "Portola"]
[Black "Constrictor"]
[Result "1-0"]
[WhiteElo "1757"]
[BlackElo "1751"]
[Opening "Dutch"]
[ECO "A80"]
[Time "15:35:22"]
[TimeControl "2700+45"]

1. d4 f5 2. Nf3 Nf6 3. Bg5 e6 4. Bxf6 Qxf6 5. e3 b6 6. Bc4 Bb7 7. Qe2 d6 8. Nbd2
Nc6 9. c3 Be7 10. a4 O-O 11. O-O Kh8 12. Ba6 Bxa6 13. Qxa6 g5 14. h3 g4 15. hxg4
fxg4 16. Nh2 Qg6 17. Qb7 g3 18. fxg3 Na5 19. Qxc7 Bg5 20. Rxf8+ Rxf8 21. Qxd6
Bxe3+ 22. Kh1 Rf2 23. Qe5+ Rf6 24. Qxe3 Qh5 25. Qe5 {Black resigns} 1-0

[Event "Team 45 45 League T53"]
[Site "Internet Chess Club"]
[Date "2012.06.11"]
[Round "4"]
[White "chess9793"]
[Black "LittleWarrior"]
[Result "0-1"]
[WhiteElo "2147"]
[BlackElo "1961"]
[Opening "Sicilian: accelerated fianchetto, modern variation with Bc4"]
[ECO "B35"]
[Time "19:03:59"]
[TimeControl "2700+45"]

1. e4 c5 2. Nf3 g6 3. d4 cxd4 4. Nxd4 Nc6 5. Nc3 Bg7 6. Be3 Nf6 7. Bc4 O-O 8.
Bb3 d6 9. f3 Na5 10. Qd2 b6 11. O-O-O Nd7 12. Bd5 Rb8 13. Bh6 Bb7 14. Bxb7 Rxb7
15. Bxg7 Kxg7 16. f4 Qc8 17. h4 Nc4 18. Qf2 Nf6 19. f5 Nxb2 20. Kxb2 Qxc3+ 21.
Kb1 Qb4+ 22. Ka1 Rc7 23. fxg6 Qc3+ 24. Kb1 Nxe4 25. Qf4 Qb4+ 26. Ka1 Qc3+ 27.
Kb1 Rc4 28. Nf5+ Kg8 29. Nxe7+ Kh8 30. Rd3 Rb4+ {White resigns} 0-1

[Event "Team 45 45 League T53"]
[Site "Internet Chess Club"]
[Date "2012.06.12"]
[Round "4"]
[White "DreamCatcher13"]
[Black "elmaestro"]
[Result "1-0"]
[WhiteElo "2024"]
[BlackElo "1819"]
[Opening "Sicilian: Scheveningen (Paulsen), classical variation"]
[ECO "B84"]
[Time "12:20:21"]
[TimeControl "2700+45"]

1. e4 c5 2. Nf3 d6 3. d4 cxd4 4. Nxd4 Nf6 5. Nc3 a6 6. Be2 e6 7. O-O Be7 8. f4
Qc7 9. Kh1 O-O 10. a4 Nc6 11. Be3 Nxd4 12. Qxd4 Rb8 13. e5 dxe5 14. fxe5 Rd8 15.
Qf4 Nd5 16. Nxd5 exd5 17. Qxf7+ Kh8 18. Bg5 Qxe5 19. Bxe7 Be6 20. Qf4 Qxf4 21.
Rxf4 Re8 22. Bb4 Bg8 23. Bh5 Re4 24. Rxe4 dxe4 25. Rf1 Rd8 26. Rf8 Rd5 27. Bg4
h5 28. Rxg8+ Kh7 29. Be2 {Black resigns} 1-0

[Event "Team 45 45 League T53"]
[Site "Internet Chess Club"]
[Date "2012.06.12"]
[Round "4"]
[White "flyingpawns"]
[Black "AntonioMendonca"]
[Result "0-1"]
[WhiteElo "1815"]
[BlackElo "1872"]
[Opening "Queen's pawn game"]
[ECO "E00"]
[Time "15:44:01"]
[TimeControl "2700+45"]

1. d4 e6 2. c4 Nf6 3. a3 c5 4. d5 d6 5. Nc3 exd5 6. cxd5 Be7 7. e4 Bg4 8. Be2
Bxe2 9. Ngxe2 O-O 10. O-O Nbd7 11. Kh1 a6 12. a4 b5 13. axb5 axb5 14. Rxa8 Qxa8
15. Nxb5 Nxe4 16. Nbc3 Nxc3 17. Nxc3 Rb8 18. Re1 Bf6 19. Qd3 Bd4 20. f4 Nf6 21.
Ne4 Nxe4 22. Qxe4 h6 23. f5 Bxb2 24. Bf4 Bc3 25. Rc1 Re8 26. Qd3 Be5 27. Be3 Qa5
28. g3 Rc8 29. Qc4 Qa3 {White resigns} 0-1

[Event "Team 45 45 League T53"]
[Site "Internet Chess Club"]
[Date "2012.06.11"]
[Round "4"]
[White "Agazo"]
[Black "j316chuck"]
[Result "1-0"]
[WhiteElo "1729"]
[BlackElo "1715"]
[Opening "Queen's pawn game"]
[ECO "A50"]
[Time "21:07:29"]
[TimeControl "2700+45"]

1. d4 Nf6 2. c4 h6 3. Nc3 g6 4. e4 d6 5. Nf3 Bg7 6. h3 Nbd7 7. Be2 e5 8. Be3 c5
9. dxe5 dxe5 10. O-O O-O 11. Qc1 Kh7 12. Rd1 Qe7 13. Nd5 Nxd5 14. cxd5 b6 15.
Qc2 Bb7 16. Bb5 a6 17. Bd3 Rac8 18. b3 Qd6 19. Nd2 Nf6 20. Nc4 Qc7 21. a4 Nh5
22. a5 b5 23. Nb6 Rcd8 24. Bxc5 Rfe8 25. g3 Nf6 26. Rac1 Nd7 27. Be3 Qd6 28. Qc7
Nxb6 29. axb6 Bc8 30. b7 {Black resigns} 1-0

[Event "Team 45 45 League T53"]
[Site "Internet Chess Club"]
[Date "2012.06.07"]
[Round "4"]
[White "JustinL"]
[Black "rook9999"]
[Result "1-0"]
[WhiteElo "1946"]
[BlackElo "1869"]
[Opening "Bird's opening"]
[ECO "A03"]
[Time "09:00:30"]
[TimeControl "2700+45"]

1. f4 d5 2. Nf3 g6 3. e3 Bg7 4. c4 c6 5. d4 Bf5 6. Nc3 Nf6 7. Be2 Nbd7 8. Qb3
Qb6 9. Bd2 Qxb3 10. axb3 O-O 11. h3 Ne4 12. g4 Nxc3 13. Bxc3 Be4 14. Kf2 Nf6 15.
Rhc1 a6 16. Ne5 Rfd8 17. Ba5 Rdc8 18. g5 Ne8 19. Nd7 Ra7 20. Bb6 Raa8 21. Bc5
Rc7 22. Nb6 Rb8 23. cxd5 cxd5 24. Bb4 f6 25. Rxc7 Nxc7 26. Bxe7 fxg5 27. Bd6
gxf4 28. Bxc7 fxe3+ 29. Kxe3 Re8 30. Be5 Bxe5 31. dxe5 Rxe5 32. Kd4 Re6 33. Nd7
Bf5 34. Bf3 Bxh3 35. Bxd5 g5 36. Re1 Kg7 37. Bxe6 Bxe6 38. Rxe6 g4 39. Ne5 g3
40. Nf3 h5 41. Re7+ Kf6 42. Rxb7 g2 43. Ke3 h4 44. Kf2 h3 45. Rb6+ Kf5 46. Rxa6
Kg4 47. b4 {Black resigns} 1-0

[Event "Team 45 45 League T53"]
[Site "Internet Chess Club"]
[Date "2012.06.07"]
[Round "4"]
[White "anna"]
[Black "Kingofknights"]
[Result "0-1"]
[WhiteElo "1578"]
[BlackElo "1605"]
[Opening "Caro-Kann: exchange variation"]
[ECO "B13"]
[Time "19:00:09"]
[TimeControl "2700+45"]

1. e4 c6 2. d4 d5 3. exd5 cxd5 4. Nc3 Nc6 5. Nf3 Bg4 6. Be2 e6 7. O-O Nf6 8. h3
Bh5 9. Bf4 Be7 10. Bb5 O-O 11. Bxc6 bxc6 12. Qe2 Qb6 13. Rab1 Bxf3 14. Qxf3 Qxd4
15. Rfd1 Qb6 16. Be3 Qa6 17. Qg3 Rfd8 18. Bh6 Ne8 19. Bf4 Bd6 20. Bxd6 Nxd6 21.
Qf3 c5 22. a3 Qc6 23. Re1 Nc4 24. Qg3 Rab8 25. b3 Nxa3 26. Rb2 Nb5 27. Ne2 Nd6
28. Nf4 g6 29. Qg4 Kh8 30. Qg5 Ne4 31. Qe5+ Kg8 32. f3 Qd6 33. Qxd6 Nxd6 34. Ra2
Rd7 35. Nd3 Rc7 36. Ra5 c4 37. Nc5 cxb3 38. cxb3 Rb6 39. b4 Nc4 40. Raa1 Re7 41.
Nd3 Kg7 42. Rab1 Ra6 43. Nf4 Rb7 44. Nd3 Ra3 45. Nc5 Rb5 46. Red1 a5 47. Nd3
axb4 48. Nxb4 Ra4 49. Nd3 Rxb1 50. Rxb1 Ra2 51. Rf1 Rd2 52. Nf2 Ne3 53. Re1 d4
54. g4 e5 55. Ne4 Rd1 56. Rxd1 Nxd1 57. Kf1 f5 58. gxf5 gxf5 59. Ng3 Kg6 60. Ke2
Ne3 {White resigns} 0-1

[Event "Team 45 45 League T53"]
[Site "Internet Chess Club"]
[Date "2012.06.11"]
[Round "4"]
[White "Bryant-L"]
[Black "ausya"]
[Result "1-0"]
[WhiteElo "1454"]
[BlackElo "1563"]
[Opening "Sicilian: accelerated fianchetto, exchange variation"]
[ECO "B34"]
[Time "18:32:03"]
[TimeControl "2700+45"]

1. e4 c5 2. Nf3 g6 3. d4 cxd4 4. Nxd4 Nc6 5. Nxc6 bxc6 6. Nc3 Bg7 7. Bd2 Nf6 8.
Bd3 O-O 9. O-O d5 10. exd5 Nxd5 11. Nxd5 cxd5 12. Qc1 Rb8 13. c3 e5 14. Rb1 Be6
15. Bh6 f5 16. Bxg7 Kxg7 17. Re1 e4 18. Qe3 Qb6 19. Qxb6 Rxb6 20. Bc2 d4 21.
cxd4 Bxa2 22. Ra1 Rxb2 23. Bb1 Bxb1 24. Rexb1 Rxb1+ 25. Rxb1 Rf7 26. Ra1 Rb7 27.
Kf1 Kf7 28. Ke2 Ke6 29. Ra5 Kd6 30. Ke3 h6 31. Ra6+ Rb6 32. Rxa7 Rb3+ 33. Kf4
Ke6 34. Ra6+ Kf7 35. Ra7+ Ke8 36. Ke5 e3 37. fxe3 Rxe3+ 38. Kf6 Re4 39. d5 Rg4
40. g3 h5 41. Rg7 Rd4 42. Ke5 Rg4 43. d6 Re4+ 44. Kf6 Rd4 45. d7+ Kd8 46. Kxg6
Rxd7 47. Rxd7+ Kxd7 48. Kxf5 h4 49. g4 Ke7 50. Kg5 h3 51. Kh4 Kf6 52. Kxh3 Kg5
53. Kg3 Kg6 54. h4 Kh6 55. h5 Kg5 56. Kh3 Kh6 57. Kh4 Kg7 58. Kg5 Kh7 59. h6 Kg8
60. Kh5 Kh7 61. g5 Kg8 62. g6 Kh8 63. g7+ Kh7 64. Kg5 Kg8 65. Kf6 Kh7 66. Kf7
Kxh6 67. g8=Q Kh5 68. Qg3 Kh6 69. Qh4# {Black checkmated} 1-0

[Event "Team 45 45 League T53"]
[Site "Internet Chess Club"]
[Date "2012.06.08"]
[Round "4"]
[White "trifire"]
[Black "caglar"]
[Result "0-1"]
[WhiteElo "1490"]
[BlackElo "1430"]
[Opening "Blackmar gambit"]
[ECO "D00"]
[Time "10:00:52"]
[TimeControl "2700+45"]

1. d4 d5 2. e4 dxe4 3. Nc3 Nf6 4. f3 exf3 5. Qxf3 e6 6. Be2 Nc6 7. Bb5 Bd7 8.
Nge2 Nb4 9. O-O Bxb5 10. Nxb5 c6 11. Nbc3 Nxc2 12. Rb1 Nxd4 13. Qf2 Bc5 14. Be3
Nxe2+ 15. Qxe2 Bxe3+ 16. Qxe3 O-O 17. Rf3 Qb6 18. Rd1 Qxe3+ 19. Rxe3 Nd5 20.
Nxd5 cxd5 21. Rc3 Rac8 22. Rb3 Rc7 23. Rd4 Rfc8 24. Rdb4 b6 {White resigns} 0-1

[Event "Team 45 45 League T53"]
[Site "Internet Chess Club"]
[Date "2012.06.09"]
[Round "4"]
[White "Juan73"]
[Black "flyingpawns"]
[Result "0-1"]
[WhiteElo "1699"]
[BlackElo "1830"]
[Opening "French: exchange variation"]
[ECO "C01"]
[Time "20:01:04"]
[TimeControl "2700+45"]

1. e4 e6 2. d4 d5 3. exd5 exd5 4. Nc3 c6 5. Nf3 Bd6 6. Bd3 Ne7 7. Bg5 Bg4 8. h3
Bh5 9. g4 Bg6 10. Bxg6 hxg6 11. Qe2 Nd7 12. O-O-O f6 13. Be3 Qc7 14. Rde1 O-O-O
15. Na4 g5 16. Nc5 Bxc5 17. dxc5 Ng6 18. Qd3 Nge5 19. Nxe5 Nxe5 20. Qa3 Kb8 21.
f4 Nc4 22. Qd3 gxf4 23. Bg1 g5 24. Bd4 Rhf8 25. Re6 Ne5 26. Qf5 Rde8 27. Qxf6
Nf3 28. Rxe8+ Rxe8 29. Bc3 Qd8 30. Rf1 Nh4 31. Kd1 Kc8 32. Qh6 d4 33. Bd2 Qd5
34. Qh7 Qg2 35. Qd3 f3 36. Bxg5 Re2 37. Re1 Rxe1+ 38. Kxe1 f2+ {White resigns}
0-1

[Event "Team 45 45 League T53"]
[Site "Internet Chess Club"]
[Date "2012.06.09"]
[Round "4"]
[White "FlyingTiger"]
[Black "Heian"]
[Result "1-0"]
[WhiteElo "1734"]
[BlackElo "1804"]
[Opening "Scotch gambit"]
[ECO "C44"]
[Time "09:03:32"]
[TimeControl "2700+45"]

1. e4 e5 2. Nf3 Nc6 3. d4 exd4 4. Bc4 Bc5 5. c3 d6 6. cxd4 Bg4 7. h3 Bb4+ 8. Bd2
Bxd2+ 9. Nbxd2 Bc8 10. O-O Nh6 11. Rc1 O-O 12. a3 Kh8 13. b4 Ne7 14. Qc2 c6 15.
Rfe1 Ng6 16. Nb3 Nh4 17. Qe2 Nxf3+ 18. Qxf3 f5 19. e5 d5 20. Bd3 Be6 21. Nc5 Qe7
22. b5 Rac8 23. Rc2 Nf7 24. Nxe6 Qxe6 25. Qxf5 Qh6 26. bxc6 bxc6 27. Qd7 Ng5 28.
e6 Nxh3+ 29. gxh3 Qxh3 30. Bf1 Qf5 31. Rce2 h5 32. Qd6 Rf6 33. Qe5 Rg6+ 34. Bg2
Qf3 35. Qh2 Qg4 36. Re5 h4 37. e7 Re8 38. Kf1 Kg8 39. Bh3 Qxd4 40. Be6+ Rxe6 41.
Rxe6 Qc4+ 42. Kg1 Kf7 43. Qg2 Qd3 44. Qg5 Qf3 45. Qg6+ Kg8 46. Qxe8+ Kh7 47.
Qg6+ {Black resigns} 1-0